 Dungeon Crawl Stone Soup version 0.29-a0-323-g050149af67 (webtiles) character file.

Game seed: 7282180339659018924

13641 drugrobin the Cleaver (level 11, -2/97 HPs)
             Began as a Demigod Fighter on Apr 10, 2022.
             Shot with a bolt by a yaktaur (6 damage)
             ... in a volcano.
             The game lasted 00:41:59 (17798 turns).

drugrobin the Cleaver (Demigod Fighter)            Turns: 17798, Time: 00:42:00

Health: -2/97      AC: 21    Str: 29    XL:     11   Next: 49%
Magic:  14/14      EV:  7    Int: 19    God:
Gold:   448        SH:  4    Dex: 13    Spells: 10/10 levels left

rFire   . . .      SeeInvis +   a - +1 war axe (vorpal)
rCold   . . .      Faith    .   w - +0 buckler
rNeg    + . .      Spirit   .   H - +6 plate armour "Ituarchig" {SInv}
rPois   .          Reflect  .   u - +0 helmet
rElec   +          Harm     .   P - +0 cloak {Will+}
rCorr   +          Rampage  .   k - +0 pair of gloves
Will    ++...                   Y - +0 pair of boots of Elyvilon's Regard {rElec rN+ Int+3}
Stlth   ..........              U - amulet of the acrobat
HPRegen 0.26/turn               i - ring of resist corrosion
MPRegen 0.14/turn               z - +6 ring of intelligence

@: mighty
A: high MP 1, forlorn, divine attributes
a: no special abilities


You were in a volcano.
You visited 2 branches of the dungeon, and saw 12 of its levels.
You also visited: Sewer and Volcano.

You collected 597 gold pieces.
You spent 149 gold pieces at shops.

Inventory:

Hand Weapons
 a - a +1 vorpal war axe (weapon)
 b - a +4 whip of venom
 c - a +5 hand axe
Missiles
 y - 9 boomerangs (quivered)
 L - 24 poisoned darts
 M - 2 curare-tipped darts
 Q - 2 throwing nets
Armour
 k - a +0 pair of gloves (worn)
 u - a +0 helmet (worn)
 w - a +0 buckler (worn)
 H - the +6 plate armour "Ituarchig" (worn) {SInv}
   (You acquired it on level 1 of the Lair of Beasts)

   SInv:      It lets you see invisible.
 P - a +0 cloak of willpower (worn)
 Y - the +0 pair of boots of Elyvilon's Regard (worn) {rElec rN+ Int+3}
   (You found it on level 10 of the Dungeon)

   Int:       It affects your intelligence (+3).
   rElec:     It insulates you from electricity.
   rN:        It protects you from negative energy.
Jewellery
 i - a ring of resist corrosion (left hand)
 z - a +6 ring of intelligence (right hand)
 U - an amulet of the acrobat (around neck)
Wands
 o - a wand of mindburst (10)
 t - a wand of iceblast (20)
 V - a wand of paralysis (1)
 W - a wand of charming (10)
 X - a wand of flame (4)
Scrolls
 f - 4 scrolls of teleportation
 h - 2 scrolls of blinking
 j - 3 scrolls of fear
 l - 2 scrolls of vulnerability
 m - 2 scrolls of torment {unknown}
 n - a scroll of silence
 r - 2 scrolls of noise {unknown}
 B - 3 scrolls of immolation
 D - 5 scrolls of fog
 E - a scroll of summoning
 I - a scroll of magic mapping
 K - a scroll of holy word
Potions
 d - 3 potions of might
 p - 5 potions of curing
 q - a potion of ambrosia {unknown}
 A - a potion of lignification {unknown}
 C - a potion of invisibility {unknown}
 F - a potion of mutation {unknown}
 G - a potion of brilliance {unknown}
 O - a potion of attraction {unknown}
 S - a potion of resistance {unknown}
 T - a potion of flight {unknown}
Miscellaneous
 e - a phial of floods


   Skills:
 + Level 9.3 Fighting
 * Level 12.6 Axes
 - Level 2.6 Armour
 - Level 2.6 Shields
 + Level 8.6 Evocations


You had 10 spell levels left.
You didn't know any spells.
Your spell library contained the following spells:

 Spells                   Type           Power      Damage    Failure   Level
 Slow                     Hex            0%         N/A       97%         1
 Static Discharge         Conj/Air       0%         N/A       99%         2
 Confusing Touch          Hex            0%         N/A       100%        3
 Dazzling Flash           Conj/Hex       0%         N/A       100%        3
 Stone Arrow              Conj/Erth      0%         3d7       100%        3
 Vampiric Draining        Necr           0%         2d6       100%        3
 Animate Armour           Summ/Erth      0%         N/A       100%        4
 Agony                    Necr           0%         N/A       100%        5
 Lightning Bolt           Conj/Air       0%         1d11      100%        5
 Silence                  Hex/Air        0%         N/A       100%        5
 Lehudib's Crystal Spear  Conj/Erth      0%         10d2      100%        8
 Maxwell's Capacitive Co  Air            0%         ∞         100%        8


Dungeon Overview and Level Annotations

Branches:
Dungeon (10/15)            Temple (0/1) D:6            Lair (2/6) D:10
  Sewer (visited)         Volcano (1/1)
  Swamp: Lair:2-4    Shoals: Lair:2-4     Snake: Lair:2-4    Spider: Lair:2-4
    Orc: D:9-12

Shops:
D:6 ([   D:7 (


Innate Abilities, Weirdness & Mutations

You have an increased reservoir of magic. (+10% MP)
You shall have no god before yourself.
Your divine heritage dramatically boosts your attributes as you level up.


Message History

The centaur shoots an arrow.
You block the arrow.
Unknown command.
Unknown command.
The helpless red draconian fails to defend itself.
You hit the red draconian.
The red draconian is heavily wounded.
The centaur shoots an arrow.
The arrow hits you.
* * * LOW HITPOINT WARNING * * *
The arrow burns you.
* * * LOW HITPOINT WARNING * * *
Unknown command.
Unknown command.
Unknown command.
The helpless red draconian fails to defend itself.
You slash the red draconian!
The red draconian is heavily wounded.
The centaur shoots an arrow.
The arrow hits you.
* * * LOW HITPOINT WARNING * * *
The arrow burns you.
* * * LOW HITPOINT WARNING * * *
Unknown command.
Unknown command.
Unknown command.
Unknown command.
Unknown command.
Unknown command.
Unknown command.
Unknown command.
Unknown command.
Unknown command.
Unknown command.
Unknown command.
Unknown command.
The helpless red draconian fails to defend itself.
You slice the red draconian!!
You kill the red draconian!
The yaktaur shoots a bolt.
The bolt hits you!!
* * * LOW HITPOINT WARNING * * *
The bolt burns you.
You die...

#.....#...#≈§≈
#######...#§§§
+$))[)+...#§≈≈
#..≈..#...#≈≈
#8≈≈≈8#...#
+..≈..'..#
+...c.'..# §#
#8..)8#.##§
≈≈###...c@###≈§
§§≈≈≈.....≈§≈≈≈#
§§≈≈≈8...8≈§≈≈##
≈§≈≈≈.....≈≈###
##§≈≈.....≈≈#
#≈§≈8...8≈##
####.....##
#.....# #8...8#


You could see a yaktaur and a centaur.

Vanquished Creatures
  A red draconian (Volcano)
  A centaur warrior (Volcano)
  Erolcha (D:9)
  2 two-headed ogres
  The ghost of sammy202020 the Fighter, a novice DsBe of Trog (D:7)
  A black mamba (Lair:2)
  2 cane toads
  A rime drake (Lair:2)
  An unseen horror (D:10)
  3 komodo dragons
  The ghost of avis the Ruffian, an amateur HOMo of Beogh (D:5)
  A hornet (D:10)
  12 yaks
  A wyvern (D:7)
  Grum (D:8)
  A basilisk (Lair:1)
  2 steam dragons (D:8)
  4 acid dragons
  5 water moccasins
  An ice beast (D:6)
  5 orc warriors
  4 ogres
  4 wolves (D:8)
  5 centaurs
  5 kobold brigands
  2 bullfrogs
  3 necrophages
  12 wights
  16 killer bees
  4 hounds
  3 jellies
  8 orc priests
  11 orc wizards
  Ijyb (D:5)
  5 iguanas
  9 gnolls
  8 adders
  3 river rats
  3 ufetubi
  A worm (D:2)
  3 dart slugs
  49 orcs
  8 bats
  9 endoplasms
  4 giant cockroaches
  3 goblins
  4 hobgoblins
  A jackal (Sewer)
  7 quokkas
  3 training dummies (D:7)
  12 ball pythons
  5 frilled lizards
  14 kobolds
  9 rats
286 creatures vanquished.

Vanquished Creatures (others)
  2 fungi
  11 plants (Sewer)
13 creatures vanquished.

Grand Total: 299 creatures vanquished

Notes
Turn   | Place    | Note
-------+----------+-------------------------------------------
     0 | D:1      | drugrobin the Demigod Fighter began the quest for the Orb.
     0 | D:1      | Reached XP level 1. HP: 18/18 MP: 3/3
    78 | D:1      | Reached skill level 2 in Axes
   383 | D:1      | Reached XP level 2. HP: 25/25 MP: 4/4
  1078 | D:2      | Reached XP level 3. HP: 27/31 MP: 5/5
  1189 | D:2      | Reached skill level 3 in Axes
  2443 | D:3      | Reached XP level 4. HP: 24/38 MP: 6/6
  3146 | D:4      | Reached skill level 1 in Evocations
  3385 | D:3      | Reached skill level 4 in Axes
  3470 | D:4      | Reached XP level 5. HP: 41/46 MP: 7/7
  3772 | D:4      | Noticed a blizzard demon
  3772 | D:4      | Noticed an angel
  4180 | D:5      | Entered Level 5 of the Dungeon
  4192 | D:5      | Reached XP level 6. HP: 45/52 MP: 8/8
  4255 | D:5      | Noticed Ijyb
  4269 | D:5      | Killed Ijyb
  4416 | D:5      | Noticed avis's ghost (amateur HOMo)
  4585 | D:5      | Reached skill level 5 in Axes
  4640 | D:5      | Found a runed translucent gate.
  4640 | D:5      | Found a runed translucent gate.
  4640 | D:5      | Found a runed translucent gate.
  4728 | D:5      | Noticed a water moccasin
  4739 | D:5      | Killed a water moccasin
  4740 | D:5      | Reached XP level 7. HP: 5/60 MP: 9/9
  4740 | D:5      | HP: 1/60 [poisoned by a water moccasin]
  5566 | D:5      | Reached skill level 6 in Axes
  5686 | D:6      | Found a runed translucent door.
  5700 | D:6      | Found Ujom Pee's Antique Weapon Emporium.
  5782 | D:6      | Found Fionoys's Armour Shop.
  5784 | D:6      | Noticed a yak
  5843 | D:6      | Found a glowing drain.
  5867 | Sewer    | Entered a sewer
  5878 | Sewer    | Reached skill level 5 in Fighting
  6400 | Sewer    | Reached XP level 8. HP: 68/68 MP: 10/10
  6773 | D:5      | Reached skill level 7 in Axes
  7065 | D:6      | Found a staircase to the Ecumenical Temple.
  7202 | D:6      | Bought a +0 cloak of willpower for 149 gold pieces
  7909 | D:6      | Reached skill level 8 in Axes
  7909 | D:6      | Reached skill level 5 in Evocations
  8581 | D:7      | Reached XP level 9. HP: 77/77 MP: 11/11
  8768 | D:7      | Found a transporter.
  8773 | D:7      | Noticed sammy202020's ghost (novice DsBe)
  8776 | D:7      | Noticed a two-headed ogre
  9100 | D:7      | Found Zivuf's Firing Range.
  9418 | D:7      | Found a transporter.
  9454 | D:7      | Reached skill level 9 in Axes
 10549 | D:8      | Noticed Grum
 11363 | D:8      | Reached skill level 10 in Axes
 11569 | D:8      | Reached XP level 10. HP: 56/86 MP: 13/13
 11893 | D:8      | Killed Grum
 12176 | D:5      | Killed avis's ghost
 12519 | D:7      | Killed sammy202020's ghost
 12758 | D:7      | Killed a two-headed ogre
 12802 | D:9      | Noticed Erolcha
 13192 | D:9      | Killed Erolcha
 13193 | D:9      | Reached skill level 11 in Axes
 14713 | D:10     | Entered Level 10 of the Dungeon
 15523 | D:10     | Noticed a two-headed ogre
 15538 | D:10     | Killed a two-headed ogre
 15815 | D:10     | Reached XP level 11. HP: 71/95 MP: 14/14
 16572 | D:10     | Reached skill level 12 in Axes
 16689 | D:10     | Found a staircase to the Lair.
 16852 | D:10     | Identified the +0 pair of boots of Elyvilon's Regard {rElec
                  | rN+ Int+3}
 17111 | Lair:1   | Entered Level 1 of the Lair of Beasts
 17161 | Lair:1   | Identified a scroll of acquirement
 17162 | Lair:1   | Acquired the +6 plate armour "Ituarchig" {SInv}
 17315 | Lair:1   | You fall into a shaft and drop 1 floor!
 17419 | Lair:1   | Found a dark tunnel.
 17422 | Volcano  | Entered a volcano
 17560 | Volcano  | Noticed a centaur warrior
 17563 | Volcano  | Killed a centaur warrior
 17772 | Volcano  | Noticed a red draconian
 17798 | Volcano  | Killed a red draconian
 17798 | Volcano  | HP: 4/97 [yaktaur/bolt (20)]
 17798 | Volcano  | Shot with a bolt by a yaktaur

Illustrated notes

Levels and vault maps discovered:
D:1:      mrwooster_arrival_arrow, layout_loops_ring,
          ebering_ecumenical_altar_petrified
D:2:      layout_loops_ring, basic_altar, minmay_misc_feat_plants,
          minmay_tetromino_i4
D:3:      layout_loops_ring, mainiacjoe_overflow_catwalk_spiral
D:4:      layout_loops_corners, grunt_temple_overflow_order_and_chaos_2,
          nicolae_uskayaw_suspiria, mainiacjoe_overflow_alcove_2,
          minmay_misc_feat_doors
D:5:      minmay_spotlight, layout_basic, cheibrodos_ashenzari_chains,
          gammafunk_ghost_split, uniq_ijyb
D:6:      layout_basic, minmay_temple_entry_nine_rooms,
          cheibrodos_sewer_entry_sluice, serial_shops,
          nicolae_shop_competitors_out_of_business, shop,
          lightli_church_of_beogh
D:7:      layout_basic, nicolae_tso_carved_into_rock, gammafunk_ghost_arena,
          nicolae_shop_firing_range
D:8:      layout_basic, uniq_grum
D:9:      layout_gridville, kennysheep_little_box, serial_rivers,
          chequers_serial_rivers_micro_b, chequers_serial_rivers_small_a,
          chequers_serial_rivers_micro_d, chequers_serial_rivers_micro_d,
          chequers_serial_rivers_marsh, uniq_erolcha
D:10:     layout_stronghold, kennysheep_mini_moat, grunt_qazlal_clouds,
          lair_entry_dummy
Lair:1:   layout_layer_cave, nicolae_volcano_entry_lava_flow
Lair:2:   layout_regular_city, grunt_forest_small_clearing_treed,
          grunt_megastairs_3
Volcano:  kennysheep_volcano_temple

Skill      XL: |  1  2  3  4  5  6  7  8  9 10 11 |
---------------+----------------------------------+-----
Axes           | 2 3 4 5 6 8 10 11 12 | 12.6
Fighting       | 3 4 5 6 7 8 9 |  9.3
Evocations     | 1 2 3 5 6 7 8 |  8.6
Armour         | |  2.6
Shields        | |  2.6

Action                   |  1- 3 |  4- 6 |  7- 9 | 10-12 || total
-------------------------+-------+-------+-------+-------++-------
Melee: War axe           |   118 |     2 |    52 |   220 ||   392
       Whip              |       |   115 |   396 |     9 ||   520
       Hand axe          |       |       |     6 |    55 ||    61
 Fire: Hunting sling     |    32 |    15 |    13 |       ||    60
Throw: Boomerang         |       |       |    12 |    10 ||    22
       Dart              |       |       |     1 |     1 ||     2
       Throwing net      |       |       |       |     2 ||     2
       Javelin           |       |       |       |     1 ||     1
Evoke: Wand              |     2 |     5 |    20 |    21 ||    48
  Use: Potion            |       |     1 |     1 |     1 ||     3
       Scroll            |       |       |     8 |    10 ||    18
 Stab: Held in net/web   |       |       |       |     1 ||     1
       Paralysed         |       |       |       |     5 ||     5
Armor: Scale mail        |    27 |       |       |       ||    27
       Leather armour    |    20 |    27 |    92 |    80 ||   219
       Plate armour      |       |       |   107 |    36 ||   143
Dodge: Dodged            |    37 |    45 |   188 |   132 ||   402
Block: Buckler           |    34 |    15 |    96 |    57 ||   202

Table legend: (Time is in decaauts)
 A = Elapsed time spent in this place.
 B = Non-inter-level travel time spent in this place.
 C = Inter-level travel time spent in this place.
 D = Time resting spent in this place.
 E = Time spent auto-exploring this place.
 F = Levels seen in this place.
 G = Mean time per level.
                   A        B        C        D        E       F      G
               +--------+--------+--------+--------+--------+-----+--------+
         Total |  17957 |  17318 |    639 |   5291 |   7917 |  14 | 1282.6 |
       Dungeon |  16305 |  15693 |    612 |   4848 |   7253 |  10 | 1630.5 |
          Lair |    310 |    283 |     27 |     94 |      0 |   2 |  155.0 |
         Sewer |    966 |    966 |      0 |     58 |    664 |   1 |  966.0 |
       Volcano |    374 |    374 |      0 |    291 |      0 |   1 |  374.0 |
               +--------+--------+--------+--------+--------+-----+--------+

Top non-repeatable levels by time:
     D:8: 2561 daAuts
     D:7: 2224 daAuts
     D:6: 1932 daAuts
    D:10: 1863 daAuts
     D:5: 1833 daAuts
     D:9: 1645 daAuts
     D:4: 1411 daAuts
     D:3: 1107 daAuts
     D:1: 1020 daAuts
   Sewer: 966 daAuts
     D:2: 706 daAuts
 Volcano: 374 daAuts
  Lair:1: 256 daAuts
  Lair:2: 53 daAuts
